 Dungeon Crawl Stone Soup version 0.30.1-11-g7821555f0a (webtiles) character file.

Game seed: 6296190578649845001

6279 Okkudo the Severer (level 10, 0/81 HPs)
             Began as a Hill Orc Monk on Dec 4, 2023.
             Was a High Priest of Beogh.
             Slain by Josephine
             ... wielding a +1 dagger of venom
              (3 damage)
             ... on level 10 of the Dungeon.
             The game lasted 00:37:37 (9487 turns).

Okkudo the Severer (Hill Orc Monk)                  Turns: 9487, Time: 00:37:38

Health: 0/81       AC: 21    Str: 22    XL:     10   Next: 94%
Magic:  12/13      EV:  7    Int: 16    God:    Beogh [*****.]
Gold:   470        SH:  5    Dex: 16    Spells: 9/9 levels left

rFire   . . .        O - +4 war axe
rCold   + . .        G - +0 buckler
rNeg    . . .        M - +0 plate armour
rPois   .            H - +0 helmet
rElec   .            j - +2 cloak
rCorr   .            n - +0 pair of gloves
SInv    .            (no boots)
Will    .....        (no amulet) Stlth
                     b - ring "Kajylouf" {Fly rC+ Str+3 Int+6 Dex+3}
HPRegen 0.33/turn    r - +4 ring of protection
MPRegen 0.13/turn

%: no passive effects
@: lethally poisoned (0 -> -5), marked, flying, slowed, very slow
A: walk on water
a: Renounce Religion, Smiting, Recall Orcish Followers, Give Item to Named
Follower


You were on level 10 of the Dungeon.
You worshipped Beogh.
Beogh was extremely pleased with you.
You visited 1 branch of the dungeon, and saw 10 of its levels.

You collected 470 gold pieces.

Inventory:

Hand Weapons
 q - a +3 war axe of draining
 z - a +0 halberd
 L - a +0 arbalest
 O - a +4 war axe (weapon)
Missiles
 c - 29 poisoned darts
 t - 7 javelins (quivered)
Armour
 j - a +2 cloak (worn)
 n - a +0 pair of gloves (worn)
 G - a +0 buckler (worn)
 H - a +0 helmet (worn)
 M - a +0 plate armour (worn)
Jewellery
 b - the ring "Kajylouf" (left hand) {Fly rC+ Str+3 Int+6 Dex+3}
   (You acquired it on level 8 of the Dungeon)

   [ring of intelligence]

   Str:       It affects your strength (+3).
   Int:       It affects your intelligence (+6).
   Dex:       It affects your dexterity (+3).
   rC:        It protects you from cold.
   Fly:       It grants you flight.
 m - a ring of flight
 r - a +4 ring of protection (right hand)
 v - a ring of see invisible
 w - a ring of ice
Wands
 C - a wand of flame (1)
 I - a wand of iceblast (9)
Scrolls
 d - 3 scrolls of fear
 e - 3 scrolls of teleportation
 g - 3 scrolls of torment
 l - 2 scrolls of poison
 o - 2 scrolls of fog
 p - 2 scrolls of amnesia
 x - 4 scrolls of immolation
 y - 3 scrolls of enchant weapon
 A - a scroll of blinking
 K - a scroll of magic mapping
Potions
 a - a potion of magic {unknown}
 f - 2 potions of heal wounds {unknown}
 h - a potion of flight {unknown}
 i - 8 potions of curing {unknown}
 k - 4 potions of brilliance {unknown}
 u - a potion of mutation {unknown}
 B - a potion of invisibility
 D - a potion of might {unknown}
 E - a potion of cancellation {unknown}
 F - a potion of haste {unknown}
 J - a potion of degeneration {unknown}
 N - a potion of attraction {unknown}


   Skills:
 + Level 5.4 Fighting
 * Level 18.8 Axes
 + Level 3.4 Armour
 - Level 2.4 Dodging
 + Level 3.4 Shields
 + Level 4.1 Invocations


You had 9 spell levels left.
You didn't know any spells.
Your spell library contained the following spells:

 Spells                   Type           Power      Damage    Failure   Level
 Apportation              Tloc           0%         N/A       100%        1
 Kiss of Death            Conj/Necr      0%         2d5       100%        1
 Slow                     Hex            0%         N/A       100%        1
 Poisonous Vapours        Pois/Air       0%         N/A       100%        2
 Call Canine Familiar     Summ           0%         N/A       100%        3
 Confusing Touch          Hex            0%         N/A       100%        3
 Gell's Gravitas          Tloc           0%         N/A       100%        3
 Mephitic Cloud           Conj/Pois/Air  0%         N/A       100%        3
 Teleport Other           Tloc           0%         N/A       100%        3
 Tukima's Dance           Hex            0%         N/A       100%        3
 Vampiric Draining        Necr           0%         2d6       100%        3
 Passage of Golubria      Tloc           0%         N/A       100%        4
 Alistair's Intoxication  Tmut/Pois      0%         N/A       100%        5
 Freezing Cloud           Conj/Ice/Air   0%         6-21      100%        5
 Yara's Violent Unravell  Hex/Tmut       0%         3d3       100%        5
 Dispersal                Tloc           0%         N/A       100%        6


Dungeon Overview and Level Annotations

Branches:
Dungeon (10/15)            Temple (0/1) D:7
   Lair: D:8-11         Orc: D:9-12

Altars:
Ashenzari
Elyvilon
Fedhas
Gozag
Kikubaaqudgha
Nemelex Xobeh
Okawaru
Ru
Uskayaw
Wu Jian

Shops:
D:1 [   D:4 :   D:7 *

Annotations:
D:6 exclusion: orc warrior
D:10 Harold, Josephine


Message History

You hit the wraith. You barely miss the tengu warrior.
You slash the tengu warrior!
You feel very sick. Josephine barely misses you.
The wraith misses Harm.
Harold says, "I was hoping my final job would be more of a challenge, but money is money."
The wraith closely misses you.
The tengu warrior hits you with a +0 war axe!
* * * LOW HITPOINT WARNING * * *
The tengu warrior pecks you but does no damage.
You block the tengu warrior's attack.
Harm hits the wraith with a +2 trident of freezing!
You block the tengu warrior's attack.
The tengu warrior closely misses Harm.
The tengu warrior pecks you.
* * * LOW HITPOINT WARNING * * *
The tengu warrior claws you but does no damage.
You hit the tengu warrior but do no damage.
The tengu warrior is severely wounded.
You slash the wraith! You slash the tengu warrior! You hit the wraith.
You closely miss Josephine.
You feel very sick. Josephine barely misses you.
The wraith hits Harm!
The wraith barely misses you. The wraith hits you but does no damage.
The tengu warrior hits you with a +0 war axe.
* * * LOW HITPOINT WARNING * * *
The tengu warrior barely misses you.
The tengu warrior claws you but does no damage.
The tengu warrior hits you with a +0 war axe.
* * * LOW HITPOINT WARNING * * *
The tengu warrior hits Harm with a +0 war axe.
The tengu warrior pecks you but does no damage.
The tengu warrior claws you but does no damage.
Harm hits the tengu warrior with a +2 trident of freezing!
Harm freezes the tengu warrior.
The tengu warrior dies!
Beogh accepts your kill.
Your Invocations skill increases to level 4!
* * * LOW HITPOINT WARNING * * *
You feel sick.
Josephine hits you with a +1 dagger of venom.
You die...

.............oooo..
##.[............... #
#>.................
.....................
...##..........#.....
........#.....##....
.#.....#.)...# .... .
##.......W@## ...
..#...<...W@@W#
...........Q.o.##
..........)W)...##
..............)..#..
.....#...............
##...#####....#######
##. #.......♣ #.
.............
#.........♣.♣.8


You could see Harold, Josephine (ally target), a tengu warrior, 4 wraiths and
the friendly Harm the orc knight (slow).

Vanquished Creatures
  A kobold demonologist (D:5)
  2 yaks (D:9)
  A shadow (D:10)
  2 wyverns
  A steam dragon (D:8)
  Edmund (D:5)
  A water moccasin (D:6)
  An orc warrior (D:5)
  A black bear (D:4)
  4 ogres
  A centaur (D:5)
  2 kobold brigands
  An elf skeleton (D:5)
  3 scorpions
  10 wights
  6 killer bees
  5 howler monkeys
  10 hounds
  An orc priest (D:5)
  3 human skeletons (D:5)
  2 gnoll boudas (D:5)
  2 orc wizards (D:5)
  3 iguanas
  20 gnolls
  3 adders
  A shadow imp (D:5)
  An ufetubus (D:4)
  3 worms
  16 orcs
  4 ball pythons
  6 bats
  13 endoplasms
  2 giant cockroaches
  8 goblins
  5 hobgoblins
  15 jackals
  4 quokkas
  8 frilled lizards
  16 kobolds
  An orc skeleton (D:5)
  9 rats
199 creatures vanquished.

Vanquished Creatures (collateral kills)
  A tengu warrior (D:10)
  A cyclops (D:7)
  2 yaks (D:9)
  4 vampire mosquitoes (D:9)
  A water moccasin (D:9)
  An orc warrior (D:8)
  A black bear (D:8)
  An ice beast (D:6)
  An ogre (D:5)
  2 kobold brigands
  A bullfrog (D:9)
  A gnoll sergeant (D:9)
  A scorpion (D:6)
  7 wights
  4 killer bees
  A howler monkey (D:8)
  A hound (D:6)
  A jelly (D:8)
  An orc priest (D:8)
  A sleepcap (D:6)
  An iguana (D:5)
  An orc wizard (D:9)
  6 gnolls
  An adder (D:6)
  A shadow imp (D:6)
  6 orcs
  A kobold (D:9)
  An orc skeleton (D:5)
52 creatures vanquished.

Vanquished Creatures (others)
  3 orc warriors
  An orc priest (D:8)
  7 orc wizards
  20 orcs
31 creatures vanquished.

Grand Total: 282 creatures vanquished

Notes
Turn   | Place    | Note
-------+----------+-------------------------------------------
     0 | D:1      | Okkudo the Hill Orc Monk began the quest for the Orb.
     0 | D:1      | Reached XP level 1. HP: 19/19 MP: 1/1
    65 | D:1      | Reached XP level 2. HP: 16/26 MP: 2/2
   124 | D:1      | Reached skill level 5 in Axes
   226 | D:1      | Found Ybeng's Antique Armour Shoppe.
   231 | D:1      | Reached XP level 3. HP: 31/31 MP: 3/3
   757 | D:2      | Found a faded altar of an unknown god.
   948 | D:2      | Reached skill level 6 in Axes
  1598 | D:3      | Reached XP level 4. HP: 39/39 MP: 4/4
  2030 | D:3      | Reached skill level 7 in Axes
  2425 | D:4      | Found Ceoloanu's Book Shop.
  2470 | D:4      | Noticed a scorpion
  2486 | D:4      | Killed a scorpion
  2487 | D:4      | Reached skill level 8 in Axes
  2487 | D:4      | Reached XP level 5. HP: 38/45 MP: 5/5
  2569 | D:4      | Noticed a black bear
  2582 | D:4      | Killed a black bear
  2583 | D:4      | Reached XP level 6. HP: 35/51 MP: 6/6
  2707 | D:4      | Reached skill level 9 in Axes
  2715 | D:4      | Became a worshipper of Beogh the Brigand
  2715 | D:4      | Reached * piety under Beogh
  2715 | D:4      | Reached ** piety under Beogh
  2731 | D:4      | Got the Incunabulum of Malignant Ceremonies and the Legion
  2869 | D:4      | Found an ancient bone altar of Kikubaaqudgha.
  2959 | D:4      | Found a broken altar of Ashenzari.
  3039 | D:5      | Entered Level 5 of the Dungeon
  3044 | D:5      | Noticed a kobold demonologist
  3065 | D:5      | Noticed a smoke demon
  3077 | D:5      | Killed a kobold demonologist
  3078 | D:5      | Reached skill level 11 in Axes
  3078 | D:5      | Reached XP level 7. HP: 45/57 MP: 7/7
  3363 | D:5      | Reached skill level 12 in Axes
  3363 | D:5      | Reached XP level 8. HP: 34/64 MP: 8/8
  3579 | D:5      | Noticed Edmund
  3614 | D:5      | Killed Edmund
  3615 | D:5      | Reached skill level 13 in Axes
  4052 | D:5      | Found a sparkling altar of Nemelex Xobeh.
  4072 | D:5      | Reached skill level 14 in Axes
  4082 | D:5      | Reached *** piety under Beogh
  4438 | D:5      | Reached XP level 9. HP: 38/70 MP: 9/9
  4500 | D:5      | Reached skill level 15 in Axes
  4940 | D:5      | Reached **** piety under Beogh
  5159 | D:5      | Found a hide-covered altar of Uskayaw.
  5272 | D:5      | Gained Harm as an ally
  5457 | D:6      | Reached skill level 16 in Axes
  5698 | D:6      | Found a blossoming altar of Fedhas.
  5835 | D:6      | Found an opulent altar of Gozag.
  6359 | D:7      | Noticed a cyclops
  6369 | D:7      | Killed a cyclops
  6370 | D:7      | Reached skill level 17 in Axes
  6519 | D:7      | Found an iron altar of Okawaru.
  6592 | D:7      | Reached XP level 10. HP: 66/77 MP: 10/10
  6831 | D:7      | Found Xeuntueh's Assorted Antiques.
  6877 | D:7      | Found a staircase to the Ecumenical Temple.
  7176 | D:8      | Reached skill level 1 in Invocations
  7219 | D:8      | Reached skill level 18 in Axes
  7281 | D:8      | Reached skill level 1 in Armour
  7281 | D:8      | Reached skill level 1 in Shields
  8222 | D:9      | Reached ***** piety under Beogh
  8465 | D:8      | Identified a scroll of acquirement
  8469 | D:8      | Acquired the ring "Kajylouf" {Fly rC+ Str+3 Int+6 Dex+3}
  8962 | D:9      | Found an ornate altar of the Wu Jian Council.
  8967 | D:9      | Found a white marble altar of Elyvilon.
  9022 | D:9      | Found a sacrificial altar of Ru.
  9036 | D:9      | Reached skill level 5 in Fighting
  9438 | D:10     | Entered Level 10 of the Dungeon
  9459 | D:10     | Noticed Harold
  9459 | D:10     | Noticed a tengu warrior
  9460 | D:10     | Noticed a tengu warrior
  9461 | D:10     | Noticed Josephine
  9486 | D:10     | HP: 4/81 [tengu warrior/+0 war axe (4)]
  9486 | D:10     | Killed a tengu warrior
  9487 | D:10     | Slain by Josephine

Illustrated notes

Levels and vault maps discovered:
D:1:      sevenhm_arrival_forest_fort_large_4, layout_rooms, serial_shops, shop
D:2:      layout_basic, ebering_ecumenical_altar_box, grunt_ministairs_5
D:3:      layout_basic, minmay_misc_feat_hallway
D:4:      layout_rooms, lemuel_coloured_pillars_altar,
          ashenzari_conservatory_becter, serial_shops, shop, minmay_checkerbox
D:5:      lemuel_castle_with_subvaults [lemuel_castle_interior_carwin_3],
          layout_basic, nemelex_altar_shiori, overflow_temple_1_default,
          nicolae_ossuary_entry_catacombs, minmay_chambers_of_fives, uniq_edmund
D:6:      layout_cave_pods, mainiacjoe_overflow_tiny_flanked,
          grunt_gozag_statues, serial_park, serial_park_paths
          [serial_park_minivault_5x5_8], serial_park_square2,
          serial_park_tiny_pond, serial_park_tiny_1, serial_park_tiny_1,
          kennysheep_cluttered_room
D:7:      layout_rooms, mainiacjoe_overflow_alcove_1,
          minmay_temple_entry_gardened_gates, serial_shops,
          nicolae_shop_tiny_waterfront
D:8:      layout_rooms
D:9:      layout_basic, minitemple, nicolae_ru_awakened_eye,
          grunt_ministairs_13, hangedman_decor_slide_cut
D:10:     layout_cave_pools, kennysheep_slug_shrine, xom_teletrap_fun,
          chequers_avenue, uniq_josephine, uniq_harold

Skill      XL: |  1  2  3  4  5  6  7  8  9 10 |
---------------+-------------------------------+-----
Axes           | 5 6 8 11 12 14 17 18 | 18.8
Invocations    | 4 |  4.1
Armour         | 3 |  3.4
Shields        | 3 |  3.4
Fighting       | 5 |  5.4
Dodging        | |  2.4

Action                     |  1- 3 |  4- 6 |  7- 9 | 10-12 || total
---------------------------+-------+-------+-------+-------++-------
  Melee: Hand axe          |   102 |   110 |    19 |       ||   231
         War axe           |       |       |   275 |   150 ||   425
  Throw: Javelin           |       |     3 |     2 |       ||     5
 Invoke: Convert to Beogh  |       |     1 |       |       ||     1
         Recall Orcish Fol |       |       |     1 |     1 ||     2
         Give Item to Name |       |       |       |     1 ||     1
    Use: Potion            |       |       |     1 |       ||     1
         Scroll            |       |       |       |    14 ||    14
   Stab: Distracted        |       |       |     1 |     3 ||     4
 Armour: Robe              |     4 |       |       |       ||     4
         Ring mail         |    12 |       |       |       ||    12
         Leather armour    |     7 |       |       |       ||     7
         Scale mail        |     2 |    13 |       |       ||    15
         Chain mail        |       |    54 |   143 |    74 ||   271
         Plate armour      |       |       |       |    38 ||    38
  Dodge: Dodged            |    56 |    54 |    84 |    66 ||   260
  Block: Buckler           |       |       |       |    14 ||    14
